 Dungeon Crawl Stone Soup version 0.30-a0-576-g89cddaab80 (webtiles) character file.

Game seed: 9397846077324760406

11547 cforsyth the Fighter (level 11, -15/104 HPs)
             Began as a Ghoul Monk on Dec 31, 2022.
             Was a High Priest of Okawaru.
             Demolished by a large slime creature (33 damage)
             ... on level 10 of the Dungeon.
             The game lasted 00:15:16 (11395 turns).

cforsyth the Fighter (Ghoul Monk)                  Turns: 11395, Time: 00:15:16

Health: -15/104    AC: 18    Str: 20    XL:     11   Next: 79%
Magic:  15/15      EV:  7    Int:  5    God:    Okawaru [*****.]
Gold:   667        SH:  0    Dex: 11    Spells: 10/10 levels left

rFire   . . .      SeeInvis .      - Unarmed
rCold   + . .      Faith    .    (no shield)
rNeg    + + +      Spirit   .    u - +0 plate armour
rPois   ∞          Reflect  .    s - +1 helmet
rElec   .          Harm     .    c - +1 cloak
rCorr   .          Rampage  .    (no gloves)
Will    .....                    (no boots) Stlth
                                 (no amulet)
HPRegen 0.00/turn                (no ring)
MPRegen 0.14/turn                (no ring)

@: mighty, inhibited regen
A: claws 1, cold resistance 1, negative energy resistance 3, inhibited
regeneration, torment resistance 2, devour on kill
a: Renounce Religion, Heroism, Finesse, Duel


You were on level 10 of the Dungeon.
You worshipped Okawaru.
Okawaru was extremely pleased with you.
You visited 2 branches of the dungeon, and saw 11 of its levels.

You collected 667 gold pieces.

Inventory:

Missiles
 n - 2 throwing nets (quivered)
Armour
 c - a +1 cloak (worn)
 s - a +1 helmet (worn)
 u - a +0 plate armour (worn)
Jewellery
 v - an amulet of magic regeneration
Wands
 a - a wand of flame (17)
 j - a wand of paralysis (18)
 E - a wand of quicksilver (5)
Scrolls
 d - 3 scrolls of vulnerability {unknown}
 e - 4 scrolls of teleportation {unknown}
 g - 4 scrolls of amnesia {unknown}
 h - 4 scrolls of enchant weapon {unknown}
 i - 4 scrolls of blinking {unknown}
 k - 2 scrolls of silence {unknown}
 p - a scroll of immolation {unknown}
 q - 6 scrolls of identify {unknown}
 r - a scroll of noise {unknown}
 x - 2 scrolls of fear {unknown}
 y - 2 scrolls of fog {unknown}
 z - a scroll of poison {unknown}
 C - a scroll of enchant armour {unknown}
 G - a scroll of magic mapping {unknown}
Potions
 b - a potion of ambrosia
 f - 4 potions of degeneration {unknown}
 l - 7 potions of curing
 m - 3 potions of flight {unknown}
 o - a potion of brilliance {unknown}
 t - 2 potions of haste {unknown}
 w - 3 potions of might
 A - a potion of resistance {unknown}
 B - 3 potions of heal wounds {unknown}
 D - a potion of lignification {unknown}
 F - a potion of cancellation {unknown}


   Skills:
 + Level 12.1 Fighting
 + Level 7.9 Armour
 - Level 2.6 Dodging
 - Level 2.1 Stealth
 + Level 12.0 Unarmed Combat
 + Level 6.8 Invocations


You had 10 spell levels left.
You didn't know any spells.
Your spell library contained the following spells:

 Spells                   Type           Power      Damage    Failure   Level
 Slow                     Hex            0%         N/A       100%        1
 Ensorcelled Hibernation  Hex/Ice        0%         N/A       100%        2
 Confusing Touch          Hex            0%         N/A       100%        3
 Vampiric Draining        Necr           0%         2d6       100%        3
 Anguish                  Hex/Necr       0%         N/A       100%        4
 Spider Form              Tmut/Pois      Unusable   N/A       N/A         3

Dungeon Overview and Level Annotations

Branches:
Dungeon (10/15)            Temple (1/1) D:6             Orc (0/2) D:10
   Lair: D:8-11

Altars:
Ashenzari
Cheibriados
Dithmenos
Fedhas
Gozag
Hepliaklqana
Kikubaaqudgha
Makhleb
Nemelex Xobeh
Okawaru
Qazlal
Ru
Sif Muna
Trog
Uskayaw
Vehumet
Xom


Innate Abilities, Weirdness & Mutations

You are immune to poison.
You have sharp fingernails.
Your flesh is cold resistant. (rC+)
You are immune to negative energy. (rN+++)
You do not regenerate when monsters are visible.
You are immune to unholy pain and torment.
You thrive by killing the living.


Message History

You barely miss the slime creature.
The slime creature is moderately wounded.
The slime creature hits you but does no damage. x2
The slime creature barely misses you.
You claw the slime creature!
The slime creature is moderately wounded.
The slime creature hits you.
Two slime creatures merge to form a large slime creature.
The slime creature hits you!
Unknown command.
You scratch the slime creature.
The slime creature is moderately wounded.
The slime creature barely misses you. x2
You scratch the slime creature but do no damage.
The slime creature is moderately wounded.
The slime creature hits you but does no damage.
Two slime creatures merge to form a large slime creature.
The large slime creature attacks as you move away!
The large slime creature hits you.
The large slime creature attacks as you move away!
The large slime creature hits you but does no damage.
The large slime creature attacks as you move away!
The large slime creature hits you!
The large slime creature attacks as you move away!
The large slime creature hits you but does no damage.
The large slime creature attacks as you move away!
The large slime creature hits you!
The large slime creature attacks as you move away!
The large slime creature hits you but does no damage.
The large slime creature attacks as you move away!
The large slime creature hits you but does no damage.
The large slime creature attacks as you move away!
The large slime creature hits you!!
* * * LOW HITPOINT WARNING * * *
There is an open door here.
Okay, then.
It was a potion of might.
You feel very mighty all of a sudden. The large slime creature hits you!!
You die...

......................# #...
......................# #...
.......###########....########...
.......#...).....#...............
.......#.........#...............
....####.........#...............
....#............#...............
....#.........[..#...............
....#...........@#...####+####...
....#............J...# #...
....##'####+#+####...# #..
.............. .....# ..
.............. ......# .
.............. ......#
................>....#
......................
.........#+### #####


You could see a large slime creature.

Vanquished Creatures
  A boulder beetle (D:10)
  2 two-headed ogres
  Sonja (D:10)
  Pikel (D:4)
  Joseph (D:7)
  Maggie (D:6)
  A kobold demonologist (D:10)
  A hornet (D:10)
  A spriggan (D:8)
  A wraith (D:10)
  A wyvern (D:9)
  Eustachio (D:4)
  18 yaks
  Menkaure (D:7)
  An acid dragon (D:8)
  3 water moccasins
  Duvessa (D:7)
  3 orc warriors
  2 ice beasts
  A sky beast (D:7)
  4 black bears
  A centaur (D:8)
  A lemure (D:3)
  2 phantoms
  A kobold brigand (D:7)
  3 bullfrogs
  3 gnoll sergeants
  3 scorpions
  2 necrophages (D:6)
  10 wights (D:9)
  Dowan (D:7)
  12 killer bees
  3 howler monkeys
  2 electric eels
  2 jellies
  A gnoll bouda (D:8)
  2 orc priests
  5 hounds
  2 iguanas (D:4)
  9 orc wizards
  Robin (D:2)
  5 adders
  17 gnolls
  A white imp (D:5)
  2 ufetubi (D:5)
  4 dart slugs
  30 orcs
  11 ball pythons
  5 bats
  10 endoplasms
  2 giant cockroaches (D:3)
  10 goblins
  8 hobgoblins
  3 jackals (D:2)
  2 quokkas (D:4)
  12 frilled lizards
  10 kobolds
  7 rats
252 creatures vanquished.

Vanquished Creatures (others)
  15 plants
15 creatures vanquished.

Grand Total: 267 creatures vanquished

Notes
Turn   | Place    | Note
-------+----------+-------------------------------------------
     0 | D:1      | cforsyth the Ghoul Monk began the quest for the Orb.
     0 | D:1      | Reached XP level 1. HP: 19/19 MP: 0/0
   141 | D:1      | Reached XP level 2. HP: 26/26 MP: 1/1
   535 | D:1      | Reached XP level 3. HP: 22/33 MP: 2/2
  1310 | D:2      | Reached XP level 4. HP: 41/41 MP: 3/3
  1919 | D:3      | Found a radiant altar of Vehumet.
  2023 | D:3      | Noticed Robin
  2147 | D:2      | Killed Robin
  2319 | D:3      | Reached XP level 5. HP: 47/47 MP: 4/4
  2516 | D:4      | Noticed Eustachio
  2621 | D:4      | Reached skill level 5 in Fighting
  2621 | D:4      | Reached skill level 5 in Unarmed Combat
  2709 | D:4      | Killed Eustachio
  2710 | D:4      | Reached XP level 6. HP: 51/57 MP: 5/5
  2796 | D:4      | Noticed Pikel
  2994 | D:4      | Killed Pikel
  2995 | D:4      | Reached XP level 7. HP: 23/66 MP: 6/6
  3210 | D:4      | Found a sacrificial altar of Ru.
  3425 | D:4      | Reached XP level 8. HP: 73/73 MP: 7/7
  4043 | D:5      | Entered Level 5 of the Dungeon
  4146 | D:4      | Reached skill level 1 in Armour
  4778 | D:6      | Found a stormy altar of Qazlal.
  4988 | D:6      | Noticed Maggie
  4988 | D:6      | Found a shimmering blue altar of Sif Muna.
  5001 | D:6      | Killed Maggie
  5002 | D:6      | Reached XP level 9. HP: 76/82 MP: 8/8
  5142 | D:6      | Found a sparkling altar of Nemelex Xobeh.
  5196 | D:6      | Found a staircase to the Ecumenical Temple.
  5217 | Temple   | Entered the Ecumenical Temple
  5454 | Temple   | Became a worshipper of Warmaster Okawaru
  5454 | Temple   | Reached * piety under Okawaru
  5454 | Temple   | Reached ** piety under Okawaru
  6467 | D:7      | Noticed Menkaure
  6478 | D:7      | Killed Menkaure
  6479 | D:7      | Reached skill level 5 in Armour
  6569 | D:7      | Noticed Duvessa
  6612 | D:7      | Noticed Dowan
  6636 | D:7      | Killed Dowan
  6693 | D:7      | Reached *** piety under Okawaru
  6694 | D:7      | Reached skill level 10 in Fighting
  6694 | D:7      | Reached skill level 10 in Unarmed Combat
  6728 | D:7      | Killed Duvessa
  6853 | D:7      | Reached skill level 1 in Invocations
  6853 | D:7      | Reached XP level 10. HP: 70/93 MP: 9/9
  7126 | D:7      | Noticed Joseph
  7144 | D:7      | Killed Joseph
  8086 | D:8      | Found a snail-covered altar of Cheibriados.
  8219 | D:8      | Found a hazy altar of Hepliaklqana.
  8220 | D:8      | Found a faded altar of an unknown god.
  8226 | D:8      | Reached **** piety under Okawaru
  8299 | D:8      | Noticed a two-headed ogre
  8309 | D:8      | Killed a two-headed ogre
  8521 | D:8      | You fall into a shaft and drop 2 floors!
  8521 | D:10     | Entered Level 10 of the Dungeon
  8522 | D:10     | Noticed a boulder beetle
  8534 | D:10     | Killed a boulder beetle
  8832 | D:8      | Reached XP level 11. HP: 33/102 MP: 13/13
  9181 | D:8      | Found a bloodstained altar of Trog.
  9382 | D:9      | Reached skill level 5 in Invocations
  9431 | D:9      | Noticed a two-headed ogre
  9436 | D:9      | Killed a two-headed ogre
  9491 | D:9      | Reached ***** piety under Okawaru
 11090 | D:10     | Noticed Sonja
 11105 | D:10     | Killed Sonja
 11105 | D:10     | Received a gift from Okawaru
 11105 | D:10     | Found the +13 scythe of Curses {drain, Drain}
 11207 | D:10     | Found a staircase to the Orcish Mines.
 11339 | D:10     | Identified the +8 sling of Kudaakum {heavy, rElec rPois
                  | Will- rCorr}
 11395 | D:10     | Demolished by a large slime creature

Illustrated notes

Levels and vault maps discovered:
D:1:      minmay_arrival_split_and_join, layout_rooms, minmay_lizard_king
D:2:      layout_loops_corners
D:3:      layout_loops_ring, fiery_altar_vehumet, uniq_robin
D:4:      layout_loops_ring, nicolae_overflow_crystal_walls, old_standard_altar,
          chequers_serial_rivers_large_a, corexii_item_surrounded_by_moat,
          hangedman_feature_mirror, kennysheep_opposing_triangles,
          uniq_eustachio, uniq_pikel
D:5:      layout_gridville
D:6:      layout_basic, nicolae_qazlal_eye_of_the_storm,
          mainiacjoe_overflow_brackets, nicolae_sif_muna_condensation,
          minmay_temple_entry_trees, uniq_maggie
D:7:      black_bear_nest_1, layout_loops_cross, kennysheep_diamond,
          uniq_menkaure, uniq_duvessa, uniq_joseph
D:8:      layout_basic, beargit_hepliaklqana_dungeon_heroes, trog_book,
          mainiacjoe_overflow_small_starburst, minmay_stone_trees_medium
D:9:      layout_stronghold
D:10:     layout_irregular_city, gammafunk_temple_overflow_wave,
          nicolae_elyvilon_temple_path, uniq_sonja, uniq_urug
Temple:   jpeg_temple_alley_garden

Skill      XL: |  1  2  3  4  5  6  7  8  9 10 11 |
---------------+----------------------------------+-----
Unarmed Combat | 4 5 7 8 10 11 12 | 12.0
Fighting       | 4 5 7 8 10 11 12 | 12.1
Armour         | 3 5 6 7 |  7.9
Invocations    | 1 4 6 |  6.8
Dodging        | |  2.6
Stealth        | |  2.1

Action                   |  1- 3 |  4- 6 |  7- 9 | 10-12 || total
-------------------------+-------+-------+-------+-------++-------
Melee: Unarmed           |   111 |   123 |   274 |   385 ||   893
       Punch             |     2 |       |    16 |    29 ||    47
Invok: Heroism           |       |       |       |     2 ||     2
Evoke: Wand              |       |     4 |     8 |     1 ||    13
  Use: Potion            |       |       |       |     1 ||     1
 Stab: Sleeping          |     2 |       |       |       ||     2
       Paralysed         |       |     5 |    15 |     7 ||    27
Armor: Robe              |    27 |       |       |       ||    27
       Scale mail        |       |    50 |    12 |       ||    62
       Plate armour      |       |       |   166 |   228 ||   394
Dodge: Dodged            |    74 |    58 |    84 |   124 ||   340

Table legend: (Time is in decaauts)
 A = Elapsed time spent in this place.
 B = Non-inter-level travel time spent in this place.
 C = Inter-level travel time spent in this place.
 D = Time resting spent in this place.
 E = Time spent auto-exploring this place.
 F = Levels seen in this place.
 G = Mean time per level.
                   A        B        C        D        E       F      G
               +--------+--------+--------+--------+--------+-----+--------+
         Total |  11272 |  10794 |    478 |    933 |   7804 |  11 | 1024.7 |
       Dungeon |  10994 |  10613 |    381 |    933 |   7632 |  10 | 1099.4 |
        Temple |    278 |    182 |     96 |      0 |    172 |   1 |  278.0 |
               +--------+--------+--------+--------+--------+-----+--------+

Top non-repeatable levels by time:
     D:7: 1916 daAuts
     D:9: 1637 daAuts
     D:8: 1440 daAuts
     D:4: 1421 daAuts
     D:3: 1078 daAuts
     D:2: 989 daAuts
     D:6: 771 daAuts
     D:5: 684 daAuts
     D:1: 601 daAuts
    D:10: 452 daAuts
  Temple: 278 daAuts
